AoeStats
← | ArCas | Toruk Makto

Oasis

508533749Analyzed
4v4 RM · 8d ago on Sep 22, 2026· 56m 36s· 8 players
Game mode
Random Map
Map size
Large (8 player)
Population
200
Speed
Normal
Resources
Standard
Victory
Conquest
Starting age
Dark Age
Ending age
Imperial Age
RankedLock teamsTeams togetherTeam positionsShared explorationLock speedFull tech treeHidden civsTurbo modeCheats
Victory
Defeat
🇩🇪 Shu · Germany
1400
+12
🇺🇸 Random · United States
1394
+12
🇨🇦 Franks · Canada
1365
+13
🇩🇪 Magyars · Germany
1320
+16
🇦🇷 Berbers · Argentina
1322
-14
🇦🇷 Inca · Argentina
1309
-13
🇩🇪 Random · Germany
1309
-13
🇨🇱 Persians · Chile
1299
-13
mikeymazko
6:32 Loom
9:08 Feudal Age
9:35 Man-at-Arms
10:02 Double-Bit Axe
10:54 Arson
14:33 Horse Collar
16:32 Forging
20:13 Scale Mail Armor
21:28 Stone Mining
24:56 Wheelbarrow
25:11 Gold Mining
27:26 Castle Age
27:54 Pikeman
28:45 Bow Saw
28:44 Heavy Plow
31:29 Chain Mail Armor
31:51 Iron Casting
31:22 Squires
31:09 Gambesons
36:30 Hand Cart
39:25 Imperial Age
36:43 Town Watch
38:57 Gold Shaft Mining
39:35 Halberdier
40:48 Plate Mail Armor
41:05 Stone Shaft Mining
41:37 Blast Furnace
45:43 Elite Varangian Guard
47:37 Conscription
46:44 Capped Ram
47:34 Caravan
48:01 Hamask
48:24 Northmen's Fury
48:32 Siege Ram
SometimesUnlucky
10:13 Feudal Age
11:05 Double-Bit Axe
14:32 Wheelbarrow
13:45 Loom
16:59 Castle Age
16:27 Gold Mining
23:03 Husbandry
23:52 Scale Barding Armor
25:23 Chain Barding Armor
25:34 Bow Saw
25:48 Forging
27:05 Wheelbarrow
27:16 Gold Shaft Mining
30:15 Hand Cart
29:57 Stone Mining
33:22 Imperial Age
32:47 Iron Casting
33:30 Cavalier
34:48 Plate Barding Armor
35:14 Blast Furnace
37:07 Town Watch
37:15 Fletching
37:52 Paladin
39:10 Conscription
39:34 Caravan
41:17 Scale Mail Armor
42:51 Chain Mail Armor
43:09 Bodkin Arrow
43:16 Light Cavalry
44:35 Elite Throwing Axeman
47:54 Plate Mail Armor
56:46 Chemistry
56:07 Ballistics
FloAoE
7:07 Loom
9:37 Feudal Age
10:38 Double-Bit Axe
12:17 Horse Collar
14:31 Fletching
20:30 Castle Age
19:41 Padded Archer Armor
19:58 Gold Mining
20:43 Crossbowman
21:46 Bow Saw
21:37 Bodkin Arrow
22:54 Leather Archer Armor
24:04 Thumb Ring
25:23 Heavy Plow
27:58 Wheelbarrow
27:09 Town Watch
28:20 Stone Mining
29:59 Hand Cart
34:20 Imperial Age
32:45 Caravan
33:05 Treadmill Crane
33:48 Ballistics
33:08 Treadmill Crane
34:18 Gold Shaft Mining
34:25 Arbalester
35:06 Bracer
35:56 Ring Archer Armor
36:30 Chemistry
37:27 Conscription
38:52 Hoardings
39:14 Coinage
41:04 Bolt Magazine
44:39 Banking
44:20 Guilds
44:46 Town Patrol
45:01 Siege Engineers
45:06 Masonry
46:15 Two-Man Saw
54:06 Murder Holes
55:21 Capped Ram
56:27 Siege Ram
kampflaus
7:15 Loom
9:46 Feudal Age
10:24 Double-Bit Axe
11:59 Horse Collar
16:59 Gold Mining
21:35 Castle Age
20:21 Fletching
20:57 Bloodlines
22:35 Bow Saw
22:27 Bodkin Arrow
24:45 Wheelbarrow
25:09 Husbandry
29:50 Thumb Ring
29:58 Thumb Ring
31:51 Ballistics
31:34 Stone Mining
34:44 Padded Archer Armor
38:32 Imperial Age
36:30 Leather Archer Armor
37:19 Town Watch
39:15 Gold Shaft Mining
39:23 Bracer
39:31 Heavy Cavalry Archer
41:42 Chemistry
41:34 Recurve Bow
44:16 Parthian Tactics
44:51 Ring Archer Armor
45:06 Hand Cart
45:53 Two-Man Saw
44:55 Heavy Plow
45:57 Masonry
45:44 Murder Holes
46:36 Conscription
48:27 Hoardings
53:31 Caravan
Gabito
8:59 Feudal Age
9:42 Double-Bit Axe
15:49 Castle Age
15:44 Forging
17:20 Scale Barding Armor
17:22 Loom
18:27 Bow Saw
19:54 Bloodlines
20:28 Horse Collar
21:40 Husbandry
23:59 Wheelbarrow
29:52 Imperial Age
27:31 Gold Mining
28:19 Chain Barding Armor
28:53 Iron Casting
28:25 Heavy Plow
29:03 Town Watch
31:39 Gold Shaft Mining
31:55 Hand Cart
31:22 Cavalier
32:47 Plate Barding Armor
34:36 Blast Furnace
34:54 Conscription
36:41 Two-Man Saw
36:59 Fervor
38:34 Fletching
39:46 Chemistry
39:27 Bodkin Arrow
40:35 Ballistics
40:27 Padded Archer Armor
43:18 Kamandaran
43:43 Leather Archer Armor
43:15 Crossbowman
44:06 Thumb Ring
44:59 Ring Archer Armor
46:31 Savar
49:17 Masonry
50:28 Scale Mail Armor
52:26 Stone Mining
55:56 Light Cavalry
MEM
11:15 Feudal Age
9:34 Loom
11:20 Feudal Age
11:47 Man-at-Arms
15:58 Double-Bit Axe
17:09 Gold Mining
19:07 Wheelbarrow
20:35 Town Watch
21:17 Horse Collar
25:35 Castle Age
23:41 Stone Mining
24:22 Scale Mail Armor
24:48 Forging
25:56 Arson
26:18 Gambesons
26:35 Squires
28:11 Chain Mail Armor
28:28 Bow Saw
30:50 Town Patrol
33:35 Gold Shaft Mining
33:36 Stone Shaft Mining
36:05 Hand Cart
36:21 Heavy Plow
38:26 Hamask
40:47 Iron Casting
44:55 Imperial Age
45:47 Elite Varangian Guard
47:39 Plate Mail Armor
48:09 Blast Furnace
47:18 Onager
47:20 Northmen's Fury
51:33 Siege Onager
| ArCas | Toruk Makto
6:28 Loom
8:52 Feudal Age
9:30 Double-Bit Axe
12:35 Horse Collar
20:29 Castle Age
18:49 Forging
18:54 Gold Mining
19:29 Scale Barding Armor
20:03 Bloodlines
22:03 Iron Casting
22:19 Chain Barding Armor
23:17 Town Watch
25:20 Husbandry
31:02 Wheelbarrow
33:23 Stone Mining
36:42 Imperial Age
36:51 Cavalier
38:33 Blast Furnace
38:31 Plate Barding Armor
38:16 Hand Cart
43:12 Gold Shaft Mining
43:13 Stone Shaft Mining
44:08 Conscription
43:49 Kasbah
43:56 Kasbah
45:55 Bow Saw
45:53 Heavy Plow
48:04 Light Cavalry
55:00 Crop Rotation
_Carp_
0:59 Loom
9:54 Feudal Age
18:03 Castle Age
17:21 Fletching
17:42 Forging
17:16 Horse Collar
18:35 Padded Archer Armor
21:56 Double-Bit Axe
22:44 Champi Runner
23:25 Squires
23:10 Arson
30:48 Imperial Age
28:05 Town Watch
30:17 Wheelbarrow
30:52 Forging
30:43 Scale Mail Armor
31:24 Scale Mail Armor
31:54 Conscription
32:55 Chain Mail Armor
33:35 Hand Cart
34:01 Treadmill Crane
37:00 Chemistry
38:55 Hoardings
38:39 Onager
40:03 Iron Casting
40:12 Ballistics
42:55 Elite Genitour
43:54 Andean Sling
46:51 Blast Furnace
45:46 Bodkin Arrow
45:59 Pikeman
48:43 Murder Holes
48:59 Fortified Wall
Connection lost

Rejoining the realm…

Still unreachable

The connection could not be restored.

Session expired

The server has moved on; the page needs a fresh start.